 Dungeon Crawl Stone Soup version 0.21.1-1-g345015f (webtiles) character file.

1946 Fang the Cleaver (level 9, -1/82 HPs)
             Began as a Gargoyle Berserker on May 31, 2018.
             Was a High Priest of Trog.
             Slain by a two-headed ogre
             ... wielding a +0 giant club
              (17 damage)
             ... on level 6 of the Dungeon.
             The game lasted 00:08:33 (6702 turns).

Fang the Cleaver (Gargoyle Berserker)               Turns: 6702, Time: 00:08:33

Health: -1/82      AC: 15    Str: 29    XL:     9   Next: 18%
Magic:  9/9        EV: 13    Int:  8    God:    Trog [*****.]
Gold:   492        SH:  0    Dex:  9    Spells: 8/8 levels left

rFire    . . .     SeeInvis +   a - +0 hand axe
rCold    + . .     Gourm    .   (no shield)
rNeg     + . .     Faith    +   E - +2 leather armour {rC+}
rPois    ∞         Spirit   .   f - +2 helmet {SInv}
rElec    +         Reflect  .   (no cloak)
rCorr    .         Harm     .   (no gloves)
MR       .....                  (no boots)
Stlth    ..........             d - amulet of faith
HPRegen  0.23/turn              (no ring)
MPRegen  0.11/turn              (no ring)

@: berserking, very quick
A: negative energy resistance 1, electricity resistance, unbreathing,
petrification resistance, rot immunity, AC +6
a: Berserk, Trog's Hand, Brothers in Arms, Burn Spellbooks, Renounce Religion


You were on level 6 of the Dungeon.
You worshipped Trog.
Trog was extremely pleased with you.
You were very hungry.

You visited 1 branch of the dungeon, and saw 7 of its levels.
You also visited: Ossuary.

You collected 492 gold pieces.

Inventory:

Hand Weapons
 a - a +0 hand axe (weapon)
Armour
 f - a +2 helmet of see invisible (worn)
 E - a +2 leather armour of cold resistance (worn)
Jewellery
 d - an amulet of faith (around neck)
Wands
 b - a wand of flame (20)
 y - a wand of iceblast (4)
Scrolls
 i - a scroll of blinking
 j - 4 scrolls of remove curse
 k - 4 scrolls of teleportation
 l - a scroll of fear {unknown}
Potions
 e - 5 potions of curing
 g - a potion of cancellation {unknown}
 h - a potion of invisibility
 s - a potion of brilliance
 t - 5 potions of flight
 u - 2 potions of berserk rage
 w - 2 potions of lignification
 x - a potion of mutation {unknown}
 z - a potion of agility {unknown}
 A - 4 potions of heal wounds {unknown}
 B - a potion of ambrosia {unknown}
 C - a potion of might {unknown}
 D - a potion of haste {unknown}
Comestibles
 c - 13 rations


   Skills:
 + Level 6.1 Fighting
 + Level 8.2 Axes
 + Level 5.0 Armour
 + Level 4.2 Dodging
 + Level 1.7 Stealth


You had 8 spell levels left.
You didn't know any spells.

Dungeon Overview and Level Annotations

Branches:
Dungeon (7/15)
 Temple: D:4-7

Altars:
Makhleb
Ru


Innate Abilities, Weirdness & Mutations

You are resistant to torment.
Your stone body is resilient. (AC +6)
You are immune to poison.
You resist negative energy. (rN+)
You are resistant to electric shocks. (rElec)
You can survive without breathing.
You are immune to petrification.
You are immune to rotting.


Message History

You climb upwards.
There is a stone staircase leading down here.
You start resting.
All of the chunks of flesh in your inventory have rotted away.
HP restored.
You climb downwards.
The two-headed ogre hits you with a giant club!
The two-headed ogre hits you with a giant spiked club!!
There is a stone staircase leading up here.
Okay, then.
The two-headed ogre hits you but does no damage.
The two-headed ogre hits you with a giant spiked club!
* * * LOW HITPOINT WARNING * * *
You climb upwards.
There is a stone staircase leading down here.
A red film seems to cover your vision as you go berserk!
You feel yourself moving faster!
You feel mighty!
You are feeling very hungry.
The two-headed ogre hits you with a giant club!
You die...

.########)##########..#
#.# #. .##....<...#
#⌠.⌠.# #.# #.
.##.#####..# #....# #.#
#. .##.# #..#######⌠.⌠##
#.# #. .##.#
#.......[....# #.# #.
.##.# #........##### #.#
#. .##.# #.######.#
#.####. ###.# #.# ##.##
#####...... ###.#
#.#####O@.#####..[.#####.
....#
#.......#.......##.#####.
#####
#######...##.............
# ##.###.#####.###... #
#.###.# #.# #.## ##
#..##.## #.###.## .#
##.#...# #....... .#####
#.#...# #####.## .....#
##.#...#### #.#


You could see a two-headed ogre.

Vanquished Creatures
  A hippogriff (D:7)
  2 ice beasts
  2 phantoms
  A necrophage (D:5)
  A centaur (D:6)
  3 bullfrogs
  A scorpion (D:5)
  A howler monkey (D:4)
  A centaur zombie (D:3)
  A bullfrog skeleton (D:4)
  A hound (D:7)
  A jelly (D:5)
  7 orc priests
  4 orc wizards
  2 iguanas
  A worker ant (D:7)
  3 big kobold zombies (Ossuary)
  A hound skeleton (D:4)
  5 mummies
  A howler monkey skeleton (D:5)
  4 gnolls (D:3)
  12 adders
  A shadow imp (D:6)
  An ooze (D:4)
  An adder zombie (D:6)
  An adder skeleton (D:4)
  2 worms (D:2)
  5 dart slugs
  5 leopard geckos
  15 orcs
  7 bats
  4 giant cockroaches
  5 goblins
  9 hobgoblins
  16 jackals
  2 quokkas
  8 frilled lizards
  A gnoll zombie (Ossuary)
  2 goblin zombies (Ossuary)
  6 kobolds
  A kobold zombie (Ossuary)
  An orc zombie (Ossuary)
  13 rats
162 creatures vanquished.

Notes
Turn   | Place    | Note
-------+----------+-------------------------------------------
     0 | D:1      | Fang the Gargoyle Berserker began the quest for the Orb.
     0 | D:1      | Reached XP level 1. HP: 14/14 MP: 1/1
    81 | D:1      | Reached XP level 2. HP: 8/19 MP: 2/2
   301 | D:1      | Reached skill level 3 in Axes
   313 | D:1      | Reached ** piety under Trog
   343 | D:1      | Reached XP level 3. HP: 22/23 MP: 3/3
   686 | D:2      | Reached XP level 4. HP: 8/29 MP: 4/4
  1086 | D:2      | Reached *** piety under Trog
  1348 | D:2      | Reached skill level 4 in Axes
  1824 | D:3      | Reached XP level 5. HP: 25/33 MP: 5/5
  2254 | D:3      | Reached XP level 6. HP: 37/38 MP: 6/6
  2389 | D:3      | Reached **** piety under Trog
  2895 | D:4      | Reached skill level 5 in Axes
  3029 | D:4      | Reached XP level 7. HP: 42/44 MP: 7/7
  3390 | D:4      | Found a sand-covered staircase.
  3396 | Ossuary  | Entered an ossuary
  3907 | Ossuary  | Reached skill level 5 in Fighting
  3993 | D:4      | Reached skill level 1 in Stealth
  4310 | D:5      | Entered Level 5 of the Dungeon
  4310 | D:5      | Found Buiplum's Antique Weapon Shoppe.
  4343 | D:5      | Reached skill level 6 in Axes
  4426 | D:5      | Reached ***** piety under Trog
  4448 | D:5      | Reached XP level 8. HP: 44/49 MP: 8/8
  4867 | D:5      | Reached skill level 7 in Axes
  5081 | D:5      | Found a burning altar of Makhleb.
  5650 | D:6      | Found Maseirep's Gadget Shop.
  6437 | D:7      | Reached XP level 9. HP: 43/55 MP: 9/9
  6440 | D:7      | Found a sacrificial altar of Ru.
  6458 | D:7      | Reached skill level 8 in Axes
  6466 | D:7      | Reached skill level 5 in Armour
  6544 | D:7      | Noticed a two-headed ogre
  6702 | D:6      | Slain by a two-headed ogre

Skill      XL: |  1  2  3  4  5  6  7  8  9 |
---------------+----------------------------+-----
Axes           | 3 4 5 6 7 8 |  8.2
Dodging        | 2 3 4 |  4.2
Fighting       | 4 5 6 |  6.1
Armour         | 4 5 |  5.0
Stealth        | 1 |  1.7

Action                   |  1- 3 |  4- 6 |  7- 9 || total
-------------------------+-------+-------+-------++-------
Melee: Hand axe          |   139 |   209 |   409 ||   757
Invok: Berserk           |       |     3 |     6 ||     9
  Use: Scroll            |       |       |    15 ||    15
 Stab: Sleeping          |     1 |     1 |       ||     2
  Eat: Chunk             |       |    10 |    13 ||    23
       Ration            |       |       |     1 ||     1
Armor: Animal skin       |    82 |    39 |       ||   121
       Scale mail        |       |    61 |   114 ||   175
       Leather armour    |       |       |    78 ||    78
Dodge: Dodged            |   132 |   129 |   218 ||   479
